AoeStats
← dean

Arabia

510833893Analyzed
1v1 RM · 1d ago on Oct 2, 2026· 41m 6s· 2 players
Game mode
Random Map
Map size
Tiny (2 player)
Population
200
Speed
Normal
Resources
Standard
Victory
Conquest
Starting age
Dark Age
Ending age
Imperial Age
RankedLock teamsTeams togetherTeam positionsShared explorationLock speedFull tech treeHidden civsTurbo modeCheats
Victory
Defeat
🇺🇸 Mongols · United States
1133
+17
🇩🇪 Italians · Germany
1145
-17
dean
8:44 Feudal Age
7:02 Loom
12:22 Double-Bit Axe
19:26 Castle Age
18:34 Horse Collar
19:10 Scale Barding Armor
19:47 Bloodlines
22:23 Bow Saw
25:52 Gold Mining
26:39 Heavy Plow
28:51 Chain Barding Armor
31:25 Husbandry
31:26 Stone Mining
30:59 Light Cavalry
31:51 Forging
35:11 Imperial Age
36:14 Hussar
37:44 Wheelbarrow
37:55 Onager
39:23 Gold Shaft Mining
[ZCHE] Felix
9:15 Feudal Age
8:09 Loom
12:39 Double-Bit Axe
15:32 Fletching
17:59 Padded Archer Armor
23:01 Castle Age
21:03 Horse Collar
23:07 Pikeman
23:10 Crossbowman
23:56 Thumb Ring
23:47 Bodkin Arrow
26:00 Bow Saw
26:09 Leather Archer Armor
27:05 Wheelbarrow
27:49 Heavy Plow
30:47 Fervor
31:01 Hand Cart
31:13 Town Watch
31:53 Stone Mining
34:01 Scale Mail Armor
34:12 Forging
38:47 Imperial Age
38:15 Ballistics
38:06 Masonry
38:17 Squires
41:17 Bracer
Connection lost

Rejoining the realm…

Still unreachable

The connection could not be restored.

Session expired

The server has moved on; the page needs a fresh start.